TOP OF THE 1ST |
Vista Panthers batting - Pitching for Chicago Machine : RHP Geoffrey Keller
|
Pitching: RHP Geoffrey Keller
|
|
Batting: LHB Francisco Marino
|
0-0: Foul Ball, location: 2F 0-1: Called Strike 0-2: Strikes out looking
|
Batting: LHB Patrick Osborne
|
0-0: Ground out 5-3 (Groundball, 56)
|
Batting: LHB Jesús González
|
0-0: Swinging Strike 0-1: Ball 1-1: Ball 2-1: Fly out, F9 (Flyball, 9D)
|
Top of the 1st over - 0 run(s), 0 hit(s), 0 error(s), 0 left on base; Vista 0 - Chicago 0 |
BOTTOM OF THE 1ST |
Chicago Machine batting - Pitching for Vista Panthers : RHP Cris Rincón
|
Pitching: RHP Cris Rincón
|
|
Batting: RHB Roberto Cardona
|
0-0: Swinging Strike 0-1: Called Strike 0-2: Strikes out swinging
|
Batting: LHB Bob Smith
|
0-0: Swinging Strike 0-1: Ball 1-1: Ball 2-1: Fly out, F5 (Popup, 5SF)
|
Batting: RHB Doug Stephens
|
0-0: Ball 1-0: Foul Ball, location: 2F 1-1: SOLO HOME RUN (Line Drive, 7D), Distance : 441 ft
|
Batting: SHB José Alomar
|
0-0: Foul Ball, location: 2F 0-1: Ball 1-1: Ball 2-1: Foul Ball, location: 2F 2-2: Ball 3-2: SINGLE (Line Drive, 89S)
|
Batting: RHB Edward Young
|
0-0: Swinging Strike 0-1: Ball 1-1: Foul Ball, location: 2F 1-2: Reached on error, E5 (Groundball, 56S) José Alomar to third
|
Batting: SHB Jesús Ramírez
|
0-0: Called Strike 0-1: Ball 1-1: Ball 2-1: SINGLE (Groundball, 34) José Alomar scores Edward Young to third Runner from 3rd tries for Home, SAFE, throw made home
|
Batting: LHB Eric Wheeler
|
0-0: Called Strike 0-1: Ball 1-1: Ball 2-1: Ball 3-1: Swinging Strike 3-2: SINGLE (Groundball, 34) Jesús Ramírez to second Jesús Ramírez to third
|
Batting: SHB Joaquín López
|
0-0: Ball 1-0: Foul Ball, location: 2F 1-1: SINGLE (Groundball, 23) (infield hit) Jesús Ramírez scores Eric Wheeler to second
|
Batting: SHB Edward Bartlett
|
0-0: Called Strike 0-1: Ground out 1-3 (Groundball, 15S)
|
Bottom of the 1st over - 4 run(s), 5 hit(s), 1 error(s), 2 left on base; Vista 0 - Chicago 4 |
TOP OF THE 2ND |
Vista Panthers batting - Pitching for Chicago Machine : RHP Geoffrey Keller
|
Batting: SHB Mark Wells
|
0-0: Ball 1-0: Ball 2-0: Ball 3-0: Fly out, F9 (Flyball, 4D)
|
Batting: LHB Bob Cunningham
|
Reached via error on a dropped throw, E3
|
Batting: RHB Roberto Cruz
|
0-0: Ball Bob Cunningham is caught stealing 2nd base 1-0: Ball 2-0: Ball 3-0: Called Strike 3-1: Base on Balls
|
Batting: RHB Justin Burgess
|
0-0: Ball 1-0: Called Strike 1-1: Ball 2-1: Ball 3-1: Fly out, F9 (Flyball, 9M)
|
Top of the 2nd over - 0 run(s), 0 hit(s), 1 error(s), 1 left on base; Vista 0 - Chicago 4 |
BOTTOM OF THE 2ND |
Chicago Machine batting - Pitching for Vista Panthers : RHP Cris Rincón
|
Batting: RHB Roberto Cardona
|
0-0: Ball 1-0: Ground out 6-3 (Groundball, 6M)
|
Batting: LHB Bob Smith
|
0-0: Ball 1-0: Foul Ball, location: 2F 1-1: SINGLE (Groundball, 34D)
|
Batting: RHB Doug Stephens
|
0-0: Ball 1-0: Ball 2-0: Swinging Strike 2-1: Foul Ball, location: 2F 2-2: Ground out 4-3 (Groundball, 4M) Bob Smith to second
|
Batting: SHB José Alomar
|
0-0: Ball 1-0: Ball 2-0: Fly out, F6 (Popup, 6D)
|
Bottom of the 2nd over - 0 run(s), 1 hit(s), 0 error(s), 1 left on base; Vista 0 - Chicago 4 |
TOP OF THE 3RD |
Vista Panthers batting - Pitching for Chicago Machine : RHP Geoffrey Keller
|
Batting: RHB Wilson López
|
0-0: Foul Ball, location: 2F 0-1: TRIPLE (Line Drive, 89M)
|
Batting: LHB Jeffrey Bascombe
|
0-0: Called Strike 0-1: Swinging Strike 0-2: Foul Ball, location: 2F 0-2: Ball 1-2: Ball 2-2: Foul Ball, location: 2F 2-2: Foul Ball, location: 2F 2-2: Ball 3-2: Strikes out swinging
|
Batting: LHB Francisco Marino
|
0-0: Ball 1-0: Foul Ball, location: 2F 1-1: Foul Ball, location: 2F 1-2: Ball 2-2: Strikes out looking
|
Batting: LHB Patrick Osborne
|
0-0: Foul Ball, location: 2F 0-1: Ball 1-1: DOUBLE (Line Drive, 9LM) Wilson López scores
|
Batting: LHB Jesús González
|
0-0: Called Strike 0-1: Swinging Strike 0-2: Ball 1-2: Foul Ball, location: 2F 1-2: Fly out, F8 (Flyball, 8LXD)
|
Top of the 3rd over - 1 run(s), 2 hit(s), 0 error(s), 1 left on base; Vista 1 - Chicago 4 |
BOTTOM OF THE 3RD |
Chicago Machine batting - Pitching for Vista Panthers : RHP Cris Rincón
|
Batting: RHB Edward Young
|
0-0: Called Strike 0-1: Ball 1-1: Called Strike 1-2: Foul Ball, location: 2F 1-2: Foul Ball, location: 2F 1-2: SINGLE (Line Drive, 6D)
|
Batting: SHB Jesús Ramírez
|
0-0: Ball 1-0: Ball 2-0: Foul Ball, location: 2F 2-1: Ball 3-1: Called Strike 3-2: Base on Balls Edward Young to second
|
Batting: LHB Eric Wheeler
|
0-0: Ball 1-0: Grounds into double play, U4-3 (Groundball, 4M) Edward Young to third
|
Batting: SHB Joaquín López
|
0-0: Ball 1-0: Foul Ball, location: 2F 1-1: Swinging Strike 1-2: Ball 2-2: Strikes out swinging
|
Bottom of the 3rd over - 0 run(s), 1 hit(s), 0 error(s), 1 left on base; Vista 1 - Chicago 4 |
TOP OF THE 4TH |
Vista Panthers batting - Pitching for Chicago Machine : RHP Geoffrey Keller
|
Batting: SHB Mark Wells
|
0-0: Called Strike 0-1: Ball 1-1: Swinging Strike 1-2: Strikes out swinging
|
Batting: LHB Bob Cunningham
|
0-0: Ball 1-0: Foul Ball, location: 2F 1-1: Ball 2-1: Ball 3-1: Foul Ball, location: 2F 3-2: Ground out 4-3 (Groundball, 4)
|
Batting: RHB Roberto Cruz
|
0-0: Ball 1-0: Called Strike 1-1: Foul Ball, location: 2F 1-2: Foul Ball, location: 2F 1-2: Ground out 1-3 (Groundball, 15)
|
Top of the 4th over - 0 run(s), 0 hit(s), 0 error(s), 0 left on base; Vista 1 - Chicago 4 |
BOTTOM OF THE 4TH |
Chicago Machine batting - Pitching for Vista Panthers : RHP Cris Rincón
|
Batting: SHB Edward Bartlett
|
0-0: Ball 1-0: Ball 2-0: Ball 3-0: Called Strike 3-1: Base on Balls
|
Batting: RHB Roberto Cardona
|
0-0: Called Strike 0-1: Ball 1-1: Ball 2-1: Ball 3-1: Grounds into double play, U4-3 (Groundball, 4M)
|
Batting: LHB Bob Smith
|
0-0: Called Strike 0-1: Swinging Strike 0-2: Foul Ball, location: 2F 0-2: SINGLE (Groundball, 3D)
|
Batting: RHB Doug Stephens
|
0-0: Ball 1-0: Ball 2-0: 2-RUN HOME RUN (Flyball, 7LD), Distance : 368 ft
|
Batting: SHB José Alomar
|
0-0: Ball 1-0: Ball 2-0: Called Strike 2-1: Ground out 3-1 (Groundball, 34S)
|
Bottom of the 4th over - 2 run(s), 2 hit(s), 0 error(s), 0 left on base; Vista 1 - Chicago 6 |
TOP OF THE 5TH |
Vista Panthers batting - Pitching for Chicago Machine : RHP Geoffrey Keller
|
Batting: RHB Justin Burgess
|
0-0: Ball 1-0: Swinging Strike 1-1: Called Strike 1-2: Strikes out swinging
|
Batting: RHB Wilson López
|
0-0: Ball 1-0: Ball 2-0: Ball 3-0: Base on Balls
|
Batting: LHB Jeffrey Bascombe
|
0-0: Ball 1-0: Ball 2-0: Ball 3-0: Called Strike 3-1: Ground out 5-3 (Groundball, 5S) Wilson López to second
|
Batting: LHB Francisco Marino
|
0-0: Ground out 3-1 (Groundball, 34)
|
Top of the 5th over - 0 run(s), 0 hit(s), 0 error(s), 1 left on base; Vista 1 - Chicago 6 |
BOTTOM OF THE 5TH |
Chicago Machine batting - Pitching for Vista Panthers : RHP Cris Rincón
|
Batting: RHB Edward Young
|
0-0: Ball 1-0: Called Strike 1-1: Foul Ball, location: 2F 1-2: Ball 2-2: Fly out, F4 (Popup, 4)
|
Batting: SHB Jesús Ramírez
|
0-0: Foul Ball, location: 2F 0-1: Swinging Strike 0-2: Ground out 1-3 (Groundball, 13S)
|
Batting: LHB Eric Wheeler
|
0-0: Called Strike 0-1: Ball 1-1: Ground out 4-3 (Groundball, 4M)
|
Bottom of the 5th over - 0 run(s), 0 hit(s), 0 error(s), 0 left on base; Vista 1 - Chicago 6 |
TOP OF THE 6TH |
Vista Panthers batting - Pitching for Chicago Machine : RHP Geoffrey Keller
|
Batting: LHB Patrick Osborne
|
0-0: Foul Ball, location: 2F 0-1: Foul Ball, location: 2F 0-2: Foul Ball, location: 2F 0-2: Foul Ball, location: 2F 0-2: SINGLE (Groundball, 6MD)
|
Pitching: RHP Jorge Hernández
|
|
Batting: LHB Jesús González
|
0-0: Ball 1-0: Swinging Strike 1-1: Ball 2-1: Fly out, F6 (Popup, 6)
|
Batting: SHB Mark Wells
|
0-0: Called Strike 0-1: Called Strike 0-2: Ball 1-2: Fly out, F5 (Popup, 56S)
|
Batting: LHB Bob Cunningham
|
0-0: Ball 1-0: Called Strike 1-1: Called Strike 1-2: Ball 2-2: Ball 3-2: Base on Balls Patrick Osborne to second
|
Batting: RHB Roberto Cruz
|
0-0: Ball 1-0: Ball 2-0: Called Strike 2-1: Swinging Strike 2-2: Foul Ball, location: 2F 2-2: Foul Ball, location: 2F 2-2: Foul Ball, location: 2F 2-2: Ball 3-2: Strikes out swinging
|
Top of the 6th over - 0 run(s), 1 hit(s), 0 error(s), 2 left on base; Vista 1 - Chicago 6 |
BOTTOM OF THE 6TH |
Chicago Machine batting - Pitching for Vista Panthers : RHP Cris Rincón
|
Batting: SHB Joaquín López
|
0-0: Called Strike 0-1: Ball 1-1: Ball 2-1: SINGLE (Groundball, 4MD)
|
Batting: SHB Edward Bartlett
|
0-0: Foul Ball, location: 2F 0-1: Ball 1-1: Swinging Strike 1-2: Ball 2-2: Ground out 2-3 (Groundball, 25) Joaquín López to second
|
Batting: RHB Roberto Cardona
|
0-0: SINGLE (Groundball, 56D) Joaquín López to third Runner from 3rd tries for Home, SAFE, throw made home Roberto Cardona to second
|
Pitching: RHP Dave Jackson
|
|
Batting: LHB Bob Smith
|
0-0: Ball 1-0: Fly out, F4 (Line Drive, 4M)
|
Batting: RHB Doug Stephens
|
0-0: Ball 1-0: Ball 2-0: Ball 3-0: Called Strike 3-1: Base on Balls
|
Batting: SHB José Alomar
|
0-0: Called Strike 0-1: Fly out, F8 (Flyball, 8LM)
|
Bottom of the 6th over - 1 run(s), 2 hit(s), 0 error(s), 2 left on base; Vista 1 - Chicago 7 |
TOP OF THE 7TH |
Vista Panthers batting - Pitching for Chicago Machine : RHP Jorge Hernández
|
Batting: RHB Justin Burgess
|
0-0: Ball 1-0: Ground out 6-3 (Groundball, 6)
|
Batting: RHB Wilson López
|
0-0: Ball 1-0: DOUBLE (Line Drive, 9LD)
|
Batting: LHB Jeffrey Bascombe
|
0-0: Foul Ball, location: 2F 0-1: SINGLE (Line Drive, 9LS) Wilson López to third Runner from 3rd tries for Home, SAFE, no throw or cutoff
|
Batting: LHB Francisco Marino
|
0-0: Ball 1-0: Called Strike 1-1: Foul Ball, location: 2F 1-2: Ball 2-2: Ball 3-2: Foul Ball, location: 2F 3-2: Foul Ball, location: 2F 3-2: Foul Ball, location: 2F 3-2: Strikes out swinging
|
Batting: LHB Patrick Osborne
|
0-0: Foul Ball, location: 2F 0-1: TRIPLE (Flyball, 7D) Jeffrey Bascombe scores
|
Pitching: LHP John Lane
|
|
Batting: LHB Jesús González
|
0-0: Foul Ball, location: 2F 0-1: Fly out, F5 (Popup, 5F)
|
Top of the 7th over - 2 run(s), 3 hit(s), 0 error(s), 1 left on base; Vista 3 - Chicago 7 |
BOTTOM OF THE 7TH |
Chicago Machine batting - Pitching for Vista Panthers : RHP Dave Jackson
|
Batting: RHB Edward Young
|
0-0: Called Strike 0-1: Foul Ball, location: 2F 0-2: Foul Ball, location: 2F 0-2: Ball 1-2: Ball 2-2: Foul Ball, location: 2F 2-2: Foul Ball, location: 2F 2-2: Ball 3-2: Base on Balls
|
Batting: SHB Jesús Ramírez
|
0-0: Sac Bunt - play at first, batter OUT! 5-3 Edward Young to second
|
Batting: LHB Eric Wheeler
|
0-0: Ball 1-0: Ball 2-0: Swinging Strike 2-1: Ball 3-1: Fly out, F9 (Flyball, 9M)
|
Batting: SHB Joaquín López
|
0-0: Ball 1-0: Foul Ball, location: 2F 1-1: Fly out, F8 (Flyball, 8RS)
|
Bottom of the 7th over - 0 run(s), 0 hit(s), 0 error(s), 1 left on base; Vista 3 - Chicago 7 |
TOP OF THE 8TH |
Vista Panthers batting - Pitching for Chicago Machine : LHP John Lane
|
Batting: SHB Mark Wells
|
0-0: Ball 1-0: Called Strike 1-1: Ball 2-1: SOLO HOME RUN (Line Drive, 78XD), Distance : 438 ft
|
Batting: LHB Bob Cunningham
|
0-0: Ball 1-0: Foul Ball, location: 2F 1-1: Fly out, F6 (Popup, 56)
|
Batting: RHB Roberto Cruz
|
0-0: Ball 1-0: Called Strike 1-1: Called Strike 1-2: Foul Ball, location: 2F 1-2: Foul Ball, location: 2F 1-2: Ground out 5-3 (Groundball, 56)
|
Batting: RHB Justin Burgess
|
0-0: Swinging Strike 0-1: Ball 1-1: SINGLE (Line Drive, 8LS)
|
Pitching: RHP Clint Tancock
|
|
Batting: RHB Wilson López
|
0-0: Called Strike 0-1: Ball 1-1: Called Strike 1-2: Ball 2-2: Ground out U3 (Groundball, 3S)
|
Top of the 8th over - 1 run(s), 2 hit(s), 0 error(s), 1 left on base; Vista 4 - Chicago 7 |
BOTTOM OF THE 8TH |
Chicago Machine batting - Pitching for Vista Panthers : RHP Dave Jackson
|
Batting: SHB Edward Bartlett
|
0-0: Ball 1-0: Foul Ball, location: 2F 1-1: Swinging Strike 1-2: Ball 2-2: Ball 3-2: Strikes out swinging
|
Pitching: RHP José Betancourt
|
|
Batting: RHB Roberto Cardona
|
0-0: Ball 1-0: SINGLE (Groundball, 34D)
|
Batting: LHB Bob Smith
|
0-0: Ball 1-0: Ball 2-0: Called Strike 2-1: Ball 3-1: Fly out, F7 (Flyball, 78M)
|
Batting: RHB Doug Stephens
|
0-0: Ball Wild Pitch! Roberto Cardona to second 1-0: Ground out 4-3 (Groundball, 4M)
|
Bottom of the 8th over - 0 run(s), 1 hit(s), 0 error(s), 1 left on base; Vista 4 - Chicago 7 |
TOP OF THE 9TH |
Vista Panthers batting - Pitching for Chicago Machine : RHP Clint Tancock
|
Pitching: RHP Víctor Reyes
|
|
Batting: LHB Jeffrey Bascombe
|
0-0: Ball 1-0: Foul Ball, location: 2F 1-1: Ground out 6-3 (Groundball, 6)
|
Batting: LHB Francisco Marino
|
0-0: Ball 1-0: Ball 2-0: Called Strike 2-1: Foul Ball, location: 2F 2-2: Ball 3-2: Ground out 3-1 (Groundball, 34)
|
Batting: LHB Patrick Osborne
|
0-0: Ball 1-0: Called Strike 1-1: Called Strike 1-2: Ball 2-2: Ball 3-2: Foul Ball, location: 2F 3-2: Strikes out swinging
|
Top of the 9th over - 0 run(s), 0 hit(s), 0 error(s), 0 left on base; Vista 4 - Chicago 7 |
|